Map: Catalyst LE

Players

Bilbo

  • Race: Protoss Protoss
  • League: Diamond
  • Spawn Location: 11:00

DankGB - Winner!

  • Race: Zerg Zerg
  • League: Diamond
  • Spawn Location: 5:00

VOD

Have the link to the VOD?

Description

Bad example of a potentially good counter to any ZvP that isn't Stargate opener.

Time

  • Played on: Dec. 15, 2017, 4:36 a.m.
  • Length: 6:57
Show
View Real Time Build Order
Export as new Build Order

Bilbo Protoss 

Build Orders:  

Get SALT Encoding   

  12  0:01  Probe  
  13  0:13  Probe  
  14  0:23  Pylon  
  14  0:25  Probe  
  15  0:41  Probe  
  15  0:42  Gateway  
  16  0:53  Probe  
  17  1:05  Probe  
  17  1:09  Assimilator  
  18  1:18  Probe  
  19  1:28  Gateway  
  19  1:30  Cybernetics Core  
  19  1:34  Probe (Chrono Boost)  
  19  1:37  Pylon  
  20  1:46  Probe (Chrono Boost)  
  21  2:05  Nexus  
  21  2:07  Warp Gate (Chrono Boost)  
  21  2:13  Adept  
  23  2:16  Probe  
  24  2:27  Adept  
  27  2:30  Probe  
  27  2:33  Assimilator  
  27  2:41  Adept  
  27  2:43  Probe  
  30  2:55  Probe  
  31  3:00  Robotics Facility  
  31  3:17  Stalker, Probe  
  31  3:19  Probe  
  35  3:27  Adept  
  37  3:29  Probe  
  37  3:31  Probe  
  40  3:41  Probe  
  40  4:06  Warp Prism  
  40  4:09  Probe x2  
  44  4:21  Probe x2  
  44  4:22  Gateway  
  44  4:23  Assimilator, Gateway  
  46  4:24  Robotics Bay  
  46  4:25  Assimilator  
  46  4:27  Sentry  
  46  4:30  Sentry  
  46  4:58  Pylon  
  46  4:59  Pylon  
  46  5:01  Pylon  
  46  5:16  Probe x2  
  48  5:22  Stalker x2  
  48  5:28  Probe x2  
  39  5:40  Probe, Adept x2  
  39  5:41  Probe  
  30  5:53  Adept  
  28  6:08  Adept  
  22  6:38  Probe  
Show
View Real Time Build Order
Export as new Build Order

DankGB Zerg - Winner!

Build Orders: Hatch First 

Get SALT Encoding   

  12  0:01  Drone  
  13  0:12  Overlord  
  13  0:17  Drone  
  14  0:31  Drone x2  
  16  0:53  Drone  
  17  1:01  Hatchery  
  17  1:02  Extractor  
  15  1:10  Spawning Pool  
  14  1:16  Drone  
  14  1:17  Drone  
  16  1:23  Drone  
  17  1:36  Drone  
  17  1:38  Drone  
  19  1:49  Overlord  
  19  1:57  Queen  
  21  2:09  Drone  
  21  2:11  Metabolic Boost  
  21  2:14  Queen  
  21  2:15  Drone  
  25  2:17  Zergling x2  
  25  2:21  Zergling x2  
  27  2:27  Drone  
  28  2:32  Drone  
  28  2:36  Drone  
  30  2:41  Evolution Chamber  
  30  2:43  Baneling Nest  
  28  2:48  Drone  
  28  2:49  Drone  
  30  2:59  Drone x2  
  30  3:04  Overlord  
  30  3:05  Overlord  
  32  3:06  Drone  
  32  3:09  Drone  
  34  3:13  Pneumatized Carapace  
  34  3:21  Drone  
  34  3:22  Drone x2  
  34  3:24  Drone  
  38  3:27  Drone  
  38  3:28  Drone  
  38  3:31  Zergling x2  
  41  3:37  Zergling x2  
  42  3:42  Spine Crawler  
  38  3:57  Zergling x4, Drone x4  
  38  4:00  Baneling x2  
  41  4:06  Drone  
  41  4:13  Drone x2  
  42  4:18  Baneling  
  42  4:19  Baneling  
  41  4:33  Zergling x16  
  49  4:57  Spore Crawler  
  49  4:59  Spore Crawler  
  47  5:01  Spine Crawler, Zergling x2  
  47  5:02  Spine Crawler, Zergling x2, Zerg Melee Weapons Level 1  
  47  5:03  Overlord, Zergling x6  
  48  5:28  Baneling  
  48  5:29  Zergling x14  
  48  5:31  Baneling x5  
  53  5:41  Baneling  
  53  5:42  Zergling x2  
  52  5:43  Zergling x6  
  51  6:05  Zergling x2  
  51  6:06  Zergling x6  
  51  6:10  Extractor  
  52  6:12  Extractor  
  52  6:13  Queen x2, Drone  
  51  6:44  Hatchery  
Tags
 
Add a new tag
Caveats
  • Supply blocks, unpowered buildings, or Contaminate may cause inaccurate times.
  • Supply counts are checked every 10 seconds.